AoeStats
← 蛤仔

Golden Pit

508605521Analyzed
1v1 RM · 7d ago on Sep 23, 2026· 34m 46s· 2 players
Game mode
Random Map
Map size
Tiny (2 player)
Population
200
Speed
Normal
Resources
Standard
Victory
Conquest
Starting age
Dark Age
Ending age
Imperial Age
RankedLock teamsTeams togetherTeam positionsShared explorationLock speedFull tech treeHidden civsTurbo modeCheats
Victory
Defeat
🇨🇳 Maya · China
1036
+14
🇹🇼 Khitans · Taiwan
992
-14
蛤仔
4:21 Loom
10:54 Feudal Age
11:27 Double-Bit Axe
11:37 Domestication
13:57 Town Watch
18:54 Castle Age
18:03 Stone Mining
18:06 Gold Mining
18:38 Fletching
19:46 Husbandry
20:07 Bow Saw
21:48 Bodkin Arrow
22:42 Wheelbarrow
23:11 Ballistics
26:04 Padded Archer Armor
27:11 Scale Barding Armor
27:17 Forging
30:32 Imperial Age
28:57 Chain Barding Armor
28:19 Light Cavalry
29:52 Iron Casting
29:05 Elite Skirmisher
31:25 Leather Archer Armor
31:19 Thumb Ring
半只烟
0:34 Loom
10:41 Feudal Age
11:10 Double-Bit Axe
11:18 Horse Collar
16:04 Stone Mining
17:16 Town Watch
19:49 Castle Age
18:30 Forging
18:59 Scale Mail Armor
19:28 Fletching
20:57 Heavy Plow
21:09 Bow Saw
21:18 Squires
22:56 Iron Casting
25:22 Bodkin Arrow
25:29 Padded Archer Armor
24:51 Elite Skirmisher
27:24 Wheelbarrow
29:57 Imperial Age
28:12 Chain Mail Armor
28:23 Eagle Warrior
29:18 Gold Mining
32:15 Masonry
35:05 Architecture
Connection lost

Rejoining the realm…

Still unreachable

The connection could not be restored.

Session expired

The server has moved on; the page needs a fresh start.